| TOP OF THE 1ST |
|
Stockton Mariners batting - Pitching for Stockton Ports : LHP Juan Corrales
|
|
Pitching: LHP Juan Corrales
|
|
|
Batting: LHB Ricky Nelson
|
0-0: Called Strike 0-1: Called Strike 0-2: Ball 1-2: Strikes out swinging
|
|
Batting: LHB David Lanning
|
0-0: Ball 1-0: Called Strike 1-1: Ball 2-1: Ball 3-1: Foul Ball, location: 2F 3-2: Foul Ball, location: 2F 3-2: Strikes out swinging, 2-3 out at first.
|
|
Batting: RHB William Butler
|
0-0: Ball 1-0: Hit by Pitch
|
|
Batting: LHB David Cawthon
|
0-0: Ball 1-0: 2-RUN HOME RUN (Flyball, 9D, EV 104.4 MPH), Distance : 424 ft
|
|
Batting: LHB Joe Perna
|
0-0: Ball 1-0: Called Strike 1-1: Ball 2-1: Ball 3-1: Base on Balls
|
|
Batting: SHB Eddie Tanner
|
0-0: Foul Ball, location: 2F 0-1: Called Strike 0-2: Ball 1-2: Foul Ball, location: 2F 1-2: Foul Ball, location: 2F 1-2: Ball 2-2: Ball 3-2: Fly out, F8 (Flyball, 89M, EV 92.5 MPH)
|
| Top of the 1st over - 2 runs, 1 hit, 0 errors, 1 left on base; Stockton 2 - Stockton 0 |
| BOTTOM OF THE 1ST |
|
Stockton Ports batting - Pitching for Stockton Mariners : RHP Gregorio Soto
|
|
Pitching: RHP Gregorio Soto
|
|
|
Batting: RHB Ramon Valdez
|
0-0: Called Strike 0-1: Ball 1-1: Ball 2-1: Called Strike 2-2: Ball 3-2: SINGLE (Groundball, 6MD, EV 100.0 MPH)
|
|
Batting: RHB Pasquale Raimondo
|
0-0: Fly out, F8 (Flyball, 8RS, EV 81.3 MPH)
|
|
Batting: LHB Christopher O'Brien
|
0-0: Called Strike 0-1: Ball 1-1: Ball 2-1: Foul Ball, location: 2F 2-2: Ball 3-2: Base on Balls Ramon Valdez to second
|
|
Batting: SHB Tracy Edwards
|
0-0: Foul Ball, location: 2F 0-1: Foul Ball, location: 2F 0-2: Ball 1-2: Strikes out looking
|
|
Batting: RHB Johnny Salery
|
0-0: Ball 1-0: Called Strike 1-1: Ball 2-1: Ball 3-1: Foul Ball, location: 2F 3-2: Foul Ball, location: 2F 3-2: Base on Balls Ramon Valdez to third Christopher O'Brien to second
|
|
Batting: SHB Jose Mercado
|
0-0: Ball 1-0: Ball 2-0: Foul Ball, location: 2F 2-1: Foul Ball, location: 2F 2-2: Strikes out swinging
|
| Bottom of the 1st over - 0 runs, 1 hit, 0 errors, 3 left on base; Stockton 2 - Stockton 0 |
| TOP OF THE 2ND |
|
Stockton Mariners batting - Pitching for Stockton Ports : LHP Juan Corrales
|
|
Batting: LHB Marty Pevey
|
0-0: Fly out, F4 (Popup, 4M, EV 57.5 MPH)
|
|
Batting: LHB Victor Gavidia
|
0-0: Called Strike 0-1: Ball 1-1: Foul Ball, location: 2F 1-2: Ball 2-2: Strikes out looking
|
|
Batting: RHB Brian Greer
|
0-0: Ball 1-0: DOUBLE (Flyball, 8RXD, EV 110.6 MPH)
|
|
Batting: LHB Ricky Nelson
|
0-0: Ball 1-0: Ball 2-0: Called Strike 2-1: Called Strike 2-2: Fly out, F8 (Flyball, 8RD, EV 101.3 MPH)
|
| Top of the 2nd over - 0 runs, 1 hit, 0 errors, 1 left on base; Stockton 2 - Stockton 0 |
| BOTTOM OF THE 2ND |
|
Stockton Ports batting - Pitching for Stockton Mariners : RHP Gregorio Soto
|
|
Batting: RHB Chris Sabo
|
0-0: Ball 1-0: Ball 2-0: Called Strike 2-1: Ball 3-1: Foul Ball, location: 2F 3-2: Strikes out swinging
|
|
Batting: RHB Timothy Presko
|
0-0: Ball 1-0: Ball 2-0: Ball 3-0: Called Strike 3-1: Base on Balls
|
|
Batting: SHB Mike Hennessy
|
0-0: Called Strike 0-1: Ball 1-1: Ball 2-1: Ball 3-1: Foul Ball, location: 2F 3-2: Strikes out swinging Timothy Presko is caught stealing 2nd base 2-6 Batter strikes out.
|
| Bottom of the 2nd over - 0 runs, 0 hits, 0 errors, 0 left on base; Stockton 2 - Stockton 0 |
| TOP OF THE 3RD |
|
Stockton Mariners batting - Pitching for Stockton Ports : LHP Juan Corrales
|
|
Batting: LHB David Lanning
|
0-0: Ground out 3-1 (Groundball, 34, EV 86.9 MPH)
|
|
Batting: RHB William Butler
|
0-0: Called Strike 0-1: Foul Ball, location: 2F 0-2: Fly out, F7 (Flyball, 78M, EV 91.9 MPH)
|
|
Batting: LHB David Cawthon
|
0-0: Ball 1-0: Ball 2-0: Fly out, F8 (Flyball, 8RXD, EV 101.9 MPH)
|
| Top of the 3rd over - 0 runs, 0 hits, 0 errors, 0 left on base; Stockton 2 - Stockton 0 |
| BOTTOM OF THE 3RD |
|
Stockton Ports batting - Pitching for Stockton Mariners : RHP Gregorio Soto
|
|
Batting: RHB Ramon Valdez
|
0-0: Called Strike 0-1: Ball 1-1: Ground out 1-3 (Groundball, P, EV 65.0 MPH)
|
|
Batting: RHB Pasquale Raimondo
|
0-0: Ball 1-0: Ground out 5-3 (Groundball, 5, EV 78.8 MPH)
|
|
Batting: LHB Christopher O'Brien
|
0-0: Called Strike 0-1: Foul Ball, location: 2F 0-2: Foul Ball, location: 2F 0-2: Ball 1-2: Ball 2-2: Fly out, F9 (Line Drive, 9, EV 90.6 MPH)
|
| Bottom of the 3rd over - 0 runs, 0 hits, 0 errors, 0 left on base; Stockton 2 - Stockton 0 |
| TOP OF THE 4TH |
|
Stockton Mariners batting - Pitching for Stockton Ports : LHP Juan Corrales
|
|
Batting: LHB Joe Perna
|
0-0: Foul Ball, location: 2F 0-1: Called Strike 0-2: Foul Ball, location: 2F 0-2: Ball 1-2: Strikes out looking
|
|
Batting: SHB Eddie Tanner
|
0-0: Ball 1-0: Ball 2-0: Called Strike 2-1: Called Strike 2-2: Ground out 5-3 (Groundball, 56, EV 111.3 MPH)
|
|
Batting: LHB Marty Pevey
|
0-0: Foul Ball, location: 2F 0-1: Called Strike 0-2: Foul Ball, location: 2F 0-2: Ground out 4-3 (Groundball, 4, EV 90.6 MPH)
|
| Top of the 4th over - 0 runs, 0 hits, 0 errors, 0 left on base; Stockton 2 - Stockton 0 |
| BOTTOM OF THE 4TH |
|
Stockton Ports batting - Pitching for Stockton Mariners : RHP Gregorio Soto
|
|
Batting: SHB Tracy Edwards
|
0-0: Called Strike 0-1: Swinging Strike 0-2: Ball 1-2: Ball 2-2: Strikes out looking
|
|
Batting: RHB Johnny Salery
|
0-0: Ball 1-0: Called Strike 1-1: Swinging Strike 1-2: Ball 2-2: Foul Ball, location: 2F 2-2: Foul Ball, location: 2F 2-2: Foul Ball, location: 2F 2-2: Foul Ball, location: 2F 2-2: Ground out 3-1 (Groundball, 34, EV 83.1 MPH)
|
|
Batting: SHB Jose Mercado
|
0-0: Called Strike 0-1: Ball 1-1: Called Strike 1-2: Ball 2-2: Foul Ball, location: 2F 2-2: Ball 3-2: Foul Ball, location: 2F 3-2: Fly out, F7 (Flyball, 78D, EV 84.4 MPH)
|
| Bottom of the 4th over - 0 runs, 0 hits, 0 errors, 0 left on base; Stockton 2 - Stockton 0 |
| TOP OF THE 5TH |
|
Stockton Mariners batting - Pitching for Stockton Ports : LHP Juan Corrales
|
|
Batting: LHB Victor Gavidia
|
0-0: Called Strike 0-1: Ball 1-1: Fly out, F9 (Flyball, 9LM, EV 87.5 MPH)
|
|
Batting: RHB Brian Greer
|
0-0: Swinging Strike 0-1: Ball 1-1: Ground out 6-3 (Groundball, 6, EV 79.4 MPH)
|
|
Batting: LHB Ricky Nelson
|
0-0: Ball 1-0: Ball 2-0: Fly out, F7 (Flyball, 7LM, EV 94.4 MPH)
|
| Top of the 5th over - 0 runs, 0 hits, 0 errors, 0 left on base; Stockton 2 - Stockton 0 |
| BOTTOM OF THE 5TH |
|
Stockton Ports batting - Pitching for Stockton Mariners : RHP Gregorio Soto
|
|
Batting: RHB Chris Sabo
|
0-0: Foul Ball, location: 2F 0-1: Ball 1-1: Fly out, F7 (Flyball, 78S, EV 85.0 MPH)
|
|
Batting: RHB Timothy Presko
|
0-0: Called Strike 0-1: Ball 1-1: Called Strike 1-2: Ball 2-2: Strikes out looking
|
|
Batting: SHB Mike Hennessy
|
0-0: Foul Ball, location: 2F 0-1: Foul Ball, location: 2F 0-2: Strikes out swinging
|
| Bottom of the 5th over - 0 runs, 0 hits, 0 errors, 0 left on base; Stockton 2 - Stockton 0 |
| TOP OF THE 6TH |
|
Stockton Mariners batting - Pitching for Stockton Ports : LHP Juan Corrales
|
|
Batting: LHB David Lanning
|
0-0: Ball 1-0: Called Strike 1-1: Ball 2-1: Foul Ball, location: 2F 2-2: Foul Ball, location: 2F 2-2: Foul Ball, location: 2F 2-2: SINGLE (Line Drive, 4MD, EV 108.1 MPH)
|
|
Batting: RHB William Butler
|
0-0: Ball 1-0: Foul Ball, location: 2F 1-1: Fly out, F9 (Flyball, 9LD, EV 105.0 MPH)
|
|
Batting: LHB David Cawthon
|
0-0: Called Strike 0-1: Ball 1-1: Ball 2-1: Foul Ball, location: 2F 2-2: Foul Ball, location: 2F 2-2: Strikes out swinging
|
|
Batting: LHB Joe Perna
|
0-0: Foul Ball, location: 2F 0-1: Fielders Choice at 2nd, 6-4 (Groundball, 6, EV 83.8 MPH)
|
| Top of the 6th over - 0 runs, 1 hit, 0 errors, 1 left on base; Stockton 2 - Stockton 0 |
| BOTTOM OF THE 6TH |
|
Stockton Ports batting - Pitching for Stockton Mariners : RHP Gregorio Soto
|
|
Batting: RHB Ramon Valdez
|
0-0: Called Strike 0-1: Foul Ball, location: 2F 0-2: Foul Ball, location: 2F 0-2: Ball 1-2: Fly out, F8 (Flyball, 8RM, EV 95.0 MPH)
|
|
Batting: RHB Pasquale Raimondo
|
0-0: Ball 1-0: Foul Ball, location: 2F 1-1: Fly out, F8 (Flyball, 89D, EV 93.8 MPH)
|
|
Batting: LHB Christopher O'Brien
|
0-0: Ball 1-0: Called Strike 1-1: Called Strike 1-2: Ball 2-2: Ball 3-2: Base on Balls
|
|
Batting: SHB Tracy Edwards
|
0-0: Called Strike 0-1: Ball 1-1: Ball 2-1: Ball 3-1: Base on Balls Christopher O'Brien to second
|
|
Batting: RHB Johnny Salery
|
Balk! Christopher O'Brien to third Tracy Edwards to second 0-0: Foul Ball, location: 2F 0-1: Swinging Strike 0-2: Ball 1-2: Ball 2-2: Foul Ball, location: 2F 2-2: Foul Ball, location: 2F 2-2: Ground out 4-3 (Groundball, 4, EV 105.6 MPH)
|
| Bottom of the 6th over - 0 runs, 0 hits, 0 errors, 2 left on base; Stockton 2 - Stockton 0 |
| TOP OF THE 7TH |
|
Stockton Mariners batting - Pitching for Stockton Ports : LHP Juan Corrales
|
|
Batting: SHB Eddie Tanner
|
0-0: Swinging Strike 0-1: Ball 1-1: Ball 2-1: Ground out U3 (Groundball, 3, EV 86.9 MPH)
|
|
Batting: LHB Marty Pevey
|
0-0: Foul Ball, location: 2F 0-1: Ball 1-1: Ground out 4-3 (Groundball, 4, EV 105.6 MPH)
|
|
Batting: LHB Victor Gavidia
|
0-0: Swinging Strike 0-1: Called Strike 0-2: Strikes out swinging
|
| Top of the 7th over - 0 runs, 0 hits, 0 errors, 0 left on base; Stockton 2 - Stockton 0 |
| BOTTOM OF THE 7TH |
|
Stockton Ports batting - Pitching for Stockton Mariners : RHP Gregorio Soto
|
|
Batting: SHB Jose Mercado
|
0-0: Foul Ball, location: 2F 0-1: Ball 1-1: SINGLE (Groundball, 6MD, EV 102.5 MPH)
|
|
Batting: RHB Chris Sabo
|
0-0: Ball Jose Mercado is caught stealing 2nd base 2-4 1-0: Ball 2-0: Foul Ball, location: 2F 2-1: Foul Ball, location: 2F 2-2: Ground out 5-3 (Groundball, 56S, EV 80.6 MPH)
|
|
Batting: RHB Timothy Presko
|
0-0: Ground out 6-3 (Groundball, 6, EV 82.5 MPH)
|
| Bottom of the 7th over - 0 runs, 1 hit, 0 errors, 0 left on base; Stockton 2 - Stockton 0 |
| TOP OF THE 8TH |
|
Stockton Mariners batting - Pitching for Stockton Ports : LHP Juan Corrales
|
|
Batting: RHB Brian Greer
|
0-0: Ball 1-0: Ground out 6-3 (Groundball, 6MD, EV 77.5 MPH)
|
|
Batting: LHB Ricky Nelson
|
0-0: Called Strike 0-1: Ball 1-1: Ball 2-1: Fly out, F9 (Flyball, 9D, EV 95.6 MPH)
|
|
Batting: LHB David Lanning
|
0-0: Ball 1-0: Foul Ball, location: 2F 1-1: Foul Ball, location: 2F 1-2: Ball 2-2: Strikes out looking
|
| Top of the 8th over - 0 runs, 0 hits, 0 errors, 0 left on base; Stockton 2 - Stockton 0 |
| BOTTOM OF THE 8TH |
|
Stockton Ports batting - Pitching for Stockton Mariners : RHP Gregorio Soto
|
|
Batting: SHB Mike Hennessy
|
0-0: Called Strike 0-1: Ball 1-1: Swinging Strike 1-2: Foul Ball, location: 2F 1-2: Strikes out swinging
|
|
Pitching: LHP Robert Alsup
|
|
|
Batting: RHB Ramon Valdez
|
0-0: Called Strike 0-1: Fly out, F4 (Line Drive, 4, EV 69.4 MPH)
|
|
Batting: RHB Pasquale Raimondo
|
0-0: Ground out 5-3 (Groundball, 56, EV 86.3 MPH)
|
| Bottom of the 8th over - 0 runs, 0 hits, 0 errors, 0 left on base; Stockton 2 - Stockton 0 |
| TOP OF THE 9TH |
|
Stockton Mariners batting - Pitching for Stockton Ports : LHP Juan Corrales
|
|
Pitching: RHP Miguel Monrroy
|
|
|
Batting: RHB William Butler
|
0-0: Ball 1-0: Called Strike 1-1: Ground out 4-3 (Groundball, 4, EV 85.6 MPH)
|
|
Batting: LHB David Cawthon
|
0-0: Ball 1-0: Ball 2-0: Ball 3-0: Base on Balls
|
|
Batting: LHB Joe Perna
|
0-0: Ball 1-0: Foul Ball, location: 2F 1-1: SINGLE (Line Drive, 78M, EV 111.9 MPH) David Cawthon to second
|
|
Batting: SHB Eddie Tanner
|
0-0: Ball 1-0: Fly out, F8 (Flyball, 8LM, EV 91.3 MPH)
|
|
Batting: LHB Marty Pevey
|
0-0: Swinging Strike 0-1: Ground out 6-3 (Groundball, 6M, EV 87.5 MPH)
|
| Top of the 9th over - 0 runs, 1 hit, 0 errors, 2 left on base; Stockton 2 - Stockton 0 |
| BOTTOM OF THE 9TH |
|
Stockton Ports batting - Pitching for Stockton Mariners : LHP Robert Alsup
|
|
Now at 2B: Paul Plinski
|
|
|
Batting: LHB Christopher O'Brien
|
0-0: Called Strike 0-1: Foul Ball, location: 2F 0-2: Ball 1-2: Ball 2-2: Ball 3-2: Foul Ball, location: 2F 3-2: Foul Ball, location: 2F 3-2: Fly out, F8 (Flyball, 8RXD, EV 108.8 MPH)
|
|
Batting: SHB Tracy Edwards
|
0-0: Called Strike 0-1: SOLO HOME RUN (Flyball, 7D, EV 92.5 MPH), Distance : 424 ft
|
|
Batting: RHB Johnny Salery
|
0-0: Ball 1-0: Called Strike 1-1: Swinging Strike 1-2: Ball 2-2: Ball 3-2: Strikes out looking
|
|
Pinch Hitting: RHB Mark Jurena
|
0-0: Ball 1-0: Fly out, F6 (Popup, 15S, EV 85.0 MPH)
|
| Bottom of the 9th over - 1 run, 1 hit, 0 errors, 0 left on base; Stockton 2 - Stockton 1 |
|